 Dungeon Crawl Stone Soup version 0.30-a0-718-geaa24f58ff (webtiles) character file.

Game seed: 13072602416248769330

1570 Turgor the Cleaver (level 8, -2/65 HPs)
             Began as a Demonspawn Cinder Acolyte on Jan 25, 2023.
             Was a High Priest of Ignis.
             Slain by an orc warrior
             ... wielding a +0 long sword of holy wrath
              (3 damage)
             ... on level 5 of the Dungeon.
             The game lasted 00:22:27 (5768 turns).

Turgor the Cleaver (Demonspawn Cinder Acolyte)      Turns: 5768, Time: 00:22:28

Health: -2/65      AC:  4    Str: 17    XL:     8   Next: 59%
Magic:  12/21      EV: 11    Int: 15    God:    Ignis [*****.]
Gold:   268        SH:  0    Dex: 11    Spells: 7/13 levels left

rFire   + + .      SeeInvis +    f - +3 sling of Jeuluxzoakk {drain, rF+ Dex+2 SInv}
rCold   . . .      Faith    .    (no shield)
rNeg    . . .      Spirit   .    k - +0 leather armour
rPois   .          Reflect  .    (helmet restricted)
rElec   .          Harm     .    (no cloak)
rCorr   .          Rampage  .    v - +0 pair of gloves
Will    +....                    (no boots)
Stlth   +                        i - amulet of the acrobat
HPRegen 0.30/turn                r - ring of magical power
MPRegen 0.17/turn                w - ring of willpower

@: very slightly contaminated
A: horns 1, foul stench 2
a: Renounce Religion, Fiery Armour, Foxfire Swarm, Rising Flame


You were on level 5 of the Dungeon.
You worshipped Ignis.
Ignis was extremely pleased with you.
You visited 1 branch of the dungeon, and saw 6 of its levels.

You collected 268 gold pieces.

Inventory:

Hand Weapons
 a - a -1 hand axe of flaming
 f - the +3 sling of Jeuluxzoakk (weapon) {drain, rF+ Dex+2 SInv}
   (You found it on level 5 of the Dungeon)

   Dex:       It affects your dexterity (+2).
   rF:        It protects you from fire.
   SInv:      It lets you see invisible.
 l - a +4 flail
 C - a +2 whip of flaming
Missiles
 s - 7 boomerangs
 A - 6 poisoned darts
Armour
 k - a +0 leather armour (worn)
 o - a +0 kite shield
 v - a +0 pair of gloves (worn)
Jewellery
 i - an amulet of the acrobat (around neck)
 r - a ring of magical power (left hand)
 w - a ring of willpower (right hand)
Scrolls
 b - 3 scrolls of enchant weapon {unknown}
 e - a scroll of magic mapping {unknown}
 h - 4 scrolls of teleportation {unknown}
 j - a scroll of fear {unknown}
 m - 4 scrolls of fog {unknown}
 q - a scroll of vulnerability {unknown}
 t - a scroll of poison {unknown}
 u - a scroll of blinking {unknown}
 y - 2 scrolls of enchant armour {unknown}
 B - a scroll of summoning {unknown}
Potions
 c - 2 potions of mutation
 d - a potion of heal wounds
 g - a potion of might
 n - 2 potions of curing
 p - 2 potions of flight
 x - a potion of lignification {unknown}
 z - a potion of attraction


   Skills:
 + Level 6.5 Fighting
 * Level 8.0 Axes
 + Level 1.3 Ranged Weapons
 - Level 3.0 Spellcasting
 - Level 3.0 Fire Magic


You had 7 spell levels left.
You knew the following spells:

 Your Spells              Type           Power      Damage    Failure   Level
a - Scorch                Fire           22%        2d6       11%         2
b - Fulminant Prism       Conj/Hex       1%         3d5       94%         4

Your spell library contained the following spells:

 Spells                   Type           Power      Damage    Failure   Level
 Magic Dart               Conj           8%         1d3       24%         1
 Slow                     Hex            8%         N/A       24%         1
 Searing Ray              Conj           4%         2d4       36%         2
 Confusing Touch          Hex            2%         N/A       58%         3
 Vampiric Draining        Necr           2%         2d6       58%         3


Dungeon Overview and Level Annotations

Branches:
Dungeon (6/15)
 Temple: D:4-7

Altars:

Shops:
D:1 :

Annotations:
D:6 1 runed translucent door


Innate Abilities, Weirdness & Mutations

You have a pair of small horns on your head.
You sometimes emit foul miasma when damaged in melee.


Message History

The orc wizard gestures wildly while chanting.
The orc wizard flickers and vanishes for a moment.
Casting: Scorch (safe; 11% risk of failure)
Confirm with . or Enter, or press ? or * to list all spells.
You miscast Scorch.
You are very lightly contaminated with residual magic.
Nothing appears to happen.
Casting: Scorch (safe; 11% risk of failure)
Confirm with . or Enter, or press ? or * to list all spells.
You miscast Scorch.
Nothing appears to happen.
The orc warrior hits you with a +0 long sword of holy wrath.
You convulse.
You climb upwards.
There is a stone staircase leading down here.
Casting: Scorch (safe; 11% risk of failure)
Confirm with . or Enter, or press ? or * to list all spells.
Flames lash the orc warrior but do no damage.
The orc warrior hits you with a +0 long sword of holy wrath!
You convulse.
Casting: Scorch (safe; 11% risk of failure)
Confirm with . or Enter, or press ? or * to list all spells.
You miscast Scorch.
Nothing appears to happen.
The orc warrior hits you with a +0 long sword of holy wrath!
You convulse!
You emit a cloud of foul miasma!
Casting: Scorch (safe; 11% risk of failure)
Confirm with . or Enter, or press ? or * to list all spells.
Flames lash the orc warrior.
The orc warrior is moderately wounded.
The orc warrior's fire resistance burns away.
The orc warrior is engulfed in dark miasma.
The orc warrior is poisoned.
The orc warrior hits you with a +0 long sword of holy wrath!
* * * LOW HITPOINT WARNING * * *
You convulse.
* * * LOW HITPOINT WARNING * * *
The orc warrior attacks as you move away!
The orc warrior hits you with a +0 long sword of holy wrath!
* * * LOW HITPOINT WARNING * * *
You convulse.
You die...

### #.## #... #.## #.#
#.##
#####################.#.
#...........#.........#.
#.#####@###.#'####....#.
##'#####o#.#......#....#.
#.....##...#......#......
#......#..........+......
#......#.#........###....
#....#######......# #....
#....###.###.#'#######'##
#....##...##.#.........#
#....###.###..###########


You could see an orc warrior (poisoned, combustible).

Vanquished Creatures
  Pikel (D:5)
  A water moccasin (D:5)
  An ice beast (D:6)
  2 sky beasts
  A black bear (D:4)
  An ogre (D:5)
  A phantom (D:5)
  A centaur (D:6)
  4 lemures (D:5)
  A scorpion (D:5)
  A jelly (D:5)
  2 hounds
  3 iguanas
  9 adders
  A white imp (D:5)
  An ufetubus (D:5)
  2 worms
  3 dart slugs
  10 endoplasms
  5 giant cockroaches
  12 goblins
  8 hobgoblins
  6 jackals
  3 kobolds
  7 quokkas
  10 ball pythons
  4 bats
  6 frilled lizards
  6 rats
113 creatures vanquished.

Notes
Turn   | Place    | Note
-------+----------+-------------------------------------------
     0 | D:1      | Turgor the Demonspawn Cinder Acolyte began the quest for
                  | the Orb.
     0 | D:1      | Reached XP level 1. HP: 18/18 MP: 2/2
   173 | D:1      | Gained mutation: You may rarely emit foul miasma when
                  | damaged in melee. [demonic ancestry]
   173 | D:1      | Reached XP level 2. HP: 22/24 MP: 3/3
   191 | D:1      | Reached skill level 3 in Axes
   271 | D:1      | Learned a level 2 spell: Scorch
   590 | D:1      | Reached XP level 3. HP: 29/29 MP: 2/5
   671 | D:1      | Found Osaj's Book Shoppe.
  1406 | D:2      | Reached XP level 4. HP: 30/35 MP: 3/6
  2386 | D:3      | Found a faded altar of an unknown god.
  2897 | D:3      | Reached skill level 4 in Axes
  3190 | D:4      | Reached XP level 5. HP: 42/42 MP: 8/8
  3597 | D:4      | Learned a level 4 spell: Fulminant Prism
  3695 | D:4      | Noticed a black bear
  3705 | D:4      | Killed a black bear
  3706 | D:4      | Reached XP level 6. HP: 30/48 MP: 7/10
  4044 | D:5      | Entered Level 5 of the Dungeon
  4050 | D:5      | Reached skill level 5 in Axes
  4143 | D:5      | Noticed Pikel
  4316 | D:5      | Identified the +3 sling of Jeuluxzoakk {drain, rF+ Dex+2
                  | SInv}
  4322 | D:5      | Noticed a water moccasin
  4327 | D:5      | Killed a water moccasin
  4434 | D:5      | Gained mutation: You have a pair of small horns on your
                  | head. [demonic ancestry]
  4434 | D:5      | Reached XP level 7. HP: 55/55 MP: 11/11
  4546 | D:5      | Reached skill level 5 in Fighting
  4764 | D:5      | Killed Pikel
  4765 | D:5      | Reached skill level 7 in Axes
  4765 | D:5      | Gained mutation: You sometimes emit foul miasma when
                  | damaged in melee. [demonic ancestry]
  4765 | D:5      | Reached XP level 8. HP: 21/64 MP: 10/12
  5657 | D:6      | Found a runed translucent door.
  5661 | D:6      | Reached skill level 1 in Ranged Weapons
  5731 | D:6      | Reached skill level 8 in Axes
  5768 | D:5      | HP: 1/65 [orc warrior/+0 long sword of holy wrath (7)]
  5768 | D:5      | Slain by an orc warrior

Illustrated notes

Levels and vault maps discovered:
D:1:      dpeg_arrival_arbitrary_b, layout_basic, serial_shops, shop_fountains,
          hangedman_abyss_or_decor_stabs, hangedman_feature_mirror
D:2:      layout_rooms, minmay_tall_x
D:3:      layout_loops_ring, ebering_ecumenical_altar_hall,
          chequers_serial_rivers_micro_d, chequers_serial_rivers_micro_b
D:4:      layout_loops_ring
D:5:      layout_basic, zin_statuary, nicolae_figureground_pulse, uniq_pikel
D:6:      layout_basic, lemuel_zombie_altar_yredelemnul, old_standard_altar,
          hellmonk_ghost_happy_afterlife, serial_glass, glass_columns_b,
          glass_columns_c, corexii_checkpoint_b, uniq_menkaure

Skill      XL: |  1  2  3  4  5  6  7  8 |
---------------+-------------------------+-----
Axes           | 3 4 5 7 8 |  8.0
Fire Magic     | 3 |  3.0
Spellcasting   | 2 3 |  3.0
Fighting       | 4 5 6 |  6.5
Ranged Weapons | 1 |  1.3

Action                     |  1- 3 |  4- 6 |  7- 9 || total
---------------------------+-------+-------+-------++-------
  Melee: Hand axe          |    88 |    18 |       ||   106
         Flail             |       |    34 |       ||    34
   Fire: Sling             |    24 |    12 |    72 ||   108
   Cast: Scorch            |    18 |    66 |    26 ||   110
    Use: Scroll            |       |     5 |     2 ||     7
 Armour: Robe              |    23 |       |       ||    23
         Leather armour    |       |    13 |    23 ||    36
  Dodge: Dodged            |    49 |    35 |    32 ||   116

Table legend: (Time is in decaauts)
 A = Elapsed time spent in this place.
 B = Non-inter-level travel time spent in this place.
 C = Inter-level travel time spent in this place.
 D = Time resting spent in this place.
 E = Time spent auto-exploring this place.
 F = Levels seen in this place.
 G = Mean time per level.
                   A        B        C        D        E       F      G
               +--------+--------+--------+--------+--------+-----+--------+
         Total |   5829 |   5600 |    229 |    430 |   4175 |   6 |  971.5 |
       Dungeon |   5829 |   5600 |    229 |    430 |   4175 |   6 |  971.5 |
               +--------+--------+--------+--------+--------+-----+--------+

Top non-repeatable levels by time:
     D:5: 1461 daAuts
     D:1: 1163 daAuts
     D:3: 1036 daAuts
     D:4: 1009 daAuts
     D:2: 975 daAuts
     D:6: 182 daAuts
